 Dungeon Crawl Stone Soup version 0.21.1-1-g345015f (webtiles) character file.

281345 diana the Severer (level 21, -5/175 HPs)
             Began as a Formicid Fighter on May 30, 2018.
             Was a High Priest of Cheibriados.
             Slain by eccles's ghost (21 damage)
             ... on level 3 of the Elven Halls.
             The game lasted 02:23:58 (37049 turns).

diana the Severer (Formicid Fighter)               Turns: 37049, Time: 02:23:59

Health: -5/175     AC: 34    Str: 48    XL:     21   Next: 37%
Magic:  22/31      EV: 10    Int: 23    God:    Cheibriados [*****.]
Gold:   2616       SH: 42    Dex: 28    Spells: 19/20 levels left

rFire    . . .     SeeInvis +   K - +4 battleaxe (chop)
rCold    + . .     Gourm    .   Q - +10 large shield of Ignorance {rN+ Int-4}
rNeg     + . .     Faith    .   Z - +3 plate armour of Ygatuor {rC+ Dex+3 Slay+3}
rPois    .         Spirit   .   (helmet unavailable)
rElec    .         Reflect  +   X - +2 cloak of Reason {Int+3}
rCorr    .         Harm     .   j - +2 pair of gloves {Str+3}
MR       ++...                  g - +2 pair of boots
Stlth    ..........             W - +4 amulet of reflection
HPRegen  0.39/turn              P - +4 ring of strength
MPRegen  0.22/turn              x - +2 ring of slaying

@: very slow
A: permanent stasis, dig shafts and tunnels, four strong arms, antennae 3, icy
blue scales 1, thin skeletal structure 1
}: 2/15 runes: barnacled, gossamer
a: Dig, Shaft Self, Bend Time, Temporal Distortion, Slouch, Step From Time,
Renounce Religion


You were on level 3 of the Elven Halls.
You worshipped Cheibriados.
Cheibriados was extremely pleased with you.
You were very hungry.

You visited 7 branches of the dungeon, and saw 35 of its levels.
You also visited: Labyrinth, Bailey and Ice Cave.

You collected 3478 gold pieces.
You spent 862 gold pieces at shops.

Inventory:

Hand Weapons
 u - the +8 dire flail "Juato" {flame, MR+ Str+6}
   (You found it on level 6 of the Lair of Beasts)

   It has been specially enchanted to burn those struck by it, causing extra
   injury to most foes and up to half again as much damage against particularly
   susceptible opponents.
   It affects your strength (+6).
   It affects your resistance to hostile enchantments.
 K - a +4 battleaxe of chopping (weapon)
Armour
 g - a +2 pair of boots (worn)
 j - a +2 pair of gloves of strength (worn)
 Q - the +10 large shield of Ignorance (worn) {rN+ Int-4}
   (You found it on level 4 of the Shoals)

   It affects your intelligence (-4).
   It protects you from negative energy.
 X - the +2 cloak of Reason (worn) {Int+3}
   (You found it on level 3 of the Spider Nest)

   It affects your intelligence (+3).
 Z - the +3 plate armour of Ygatuor (worn) {rC+ Dex+3 Slay+3}
   (You found it in a labyrinth)

   It affects your dexterity (+3).
   It affects your accuracy and damage with ranged weapons and melee attacks
   (+3).
   It protects you from cold.
Jewellery
 x - a +2 ring of slaying (right hand)
 y - a +2 ring of strength
 P - a +4 ring of strength (left hand)
 W - a +4 amulet of reflection (around neck)
Wands
 l - a wand of paralysis (29)
 m - a wand of disintegration (12)
 p - a wand of digging (5)
 D - a wand of acid (4)
 E - a wand of polymorph (73)
 F - a wand of clouds (19)
 I - a wand of scattershot (3)
 M - a wand of iceblast (40)
 N - a wand of flame (70)
Scrolls
 a - 4 scrolls of enchant armour
 c - 2 scrolls of silence
 d - 3 scrolls of brand weapon
 h - 4 scrolls of magic mapping
 q - 5 scrolls of fear
 t - 8 scrolls of enchant weapon
 z - 8 scrolls of amnesia
 A - 15 scrolls of remove curse
 R - 2 scrolls of immolation
 T - a scroll of holy word
 U - 4 scrolls of acquirement
 V - a scroll of summoning
Potions
 b - 2 potions of ambrosia
 e - 13 potions of curing
 i - 11 potions of brilliance
 k - 4 potions of agility
 n - 8 potions of flight
 s - 3 potions of might
 v - a potion of invisibility
 w - a potion of lignification
 H - a potion of magic
Books
 B - the Grimoire of the Quantum Rocks
   (You found it on level 1 of the Elven Halls)

   Spells                             Type                      Level
   a - Sandblast                      Earth                        1
   b - Gell's Gravitas                Translocation                3
   c - Leda's Liquefaction            Hexes/Earth                  4
   d - Borgnjor's Vile Clutch         Necromancy/Earth             5
Miscellaneous
 r - 3 sacks of spiders
 C - a phantom mirror
 G - a lamp of fire
Comestibles
 f - 68 rations


   Skills:
 * Level 17.4 Fighting
 * Level 19.1 Axes
 - Level 0.7(13.0) Maces & Flails
 * Level 17.4 Armour
 - Level 0.4 Dodging
 * Level 18.9 Shields
 + Level 13.6 Invocations


You had 19 spell levels left.
You knew the following spells:

 Your Spells              Type           Power        Failure   Level  Hunger
a - Beastly Appendage     Tmut           #.....       38%         1    ##.....


Dungeon Overview and Level Annotations

Branches:
Dungeon (15/15)            Temple (0/1) D:4            Lair (6/6) D:8
 Shoals (4/4) Lair:3       Spider (4/4) Lair:3        Slime (0/5) Lair:6
    Orc (2/2) D:10            Elf (3/3) Orc:2        Vaults (0/5) D:13
 Depths (1/5) D:15

Altars:
Ashenzari
Cheibriados
Elyvilon
Okawaru
Qazlal
Ru
Trog
Vehumet
Wu Jian
Xom
Yredelemnul
Zin
The Shining One
Beogh

Shops:
D:7 [}*   D:8 *   D:10 %%*(!   D:13 [   Orc:2 (:(}   Elf:1 =   Elf:2 [*%%

Annotations:
Elf:3 eccles's ghost, adept MiBe


Innate Abilities, Weirdness & Mutations

You cannot be hasted, slowed, berserked, paralysed or teleported.
You can dig through walls and to a lower floor.
Your four strong arms can wield two-handed weapons with a shield.
You have a pair of large antennae on your head. (SInv)
You are partially covered in icy blue scales. (AC +2)
You have a somewhat thin skeletal structure. (Dex +2, Stealth)


Message History

The bolt of cold hits eccles's ghost.
Eccles's ghost resists.
The bolt of cold hits you! You resist.
* * * LOW HITPOINT WARNING * * *
Your magical effects are unravelling.
You feel magically purged.
Your magical contamination has completely faded away.
You feel less invigorated.
You flicker back into view.
You feel less confused.
Your hearing returns.
You block eccles's ghost's attack.
The deep elf death mage beckons forth a restless soul!
You step out of the flow of time.
You return to the normal time flow.
You feel somewhat more hungry.
Cheibriados lowers the support of your attributes as your movement quickens.
Eccles's ghost turns its malevolent gaze towards you.
You hit eccles's ghost but do no damage.
Eccles's ghost hits you!
* * * LOW HITPOINT WARNING * * *
Unknown command.
You feel better. Eccles's ghost hits you!!
You die... {eee2.{

{{)e)..
))) {
#(# #x#
#.# #.#
#.# #@#
#W# #.#
##.#
#..#
##.##
#..# #
##.##
## #..#


You could see a deep elf sorcerer (wandering), a small abomination, a war axe of
electrocution and eccles's ghost.

Vanquished Creatures
  Bai Suzhen (Shoals:3)
  Jorgrun (Shoals:3)
  Asterion (Spider:3)
  3 deep elf blademasters
  Polyphemus (Shoals:3)
  Kirke (D:15)
  The ghost of Agrougrou the Severer, an adept DsFi of Okawaru (Shoals:4)
  Frances (D:13)
  Ilsuiw (Shoals:4)
  The ghost of diana the Bludgeoner, a journeyman MiFi of Cheibriados (Spider:1)
  3 ghost moths
  A frost giant (IceCv)
  An emperor scorpion (Spider:4)
  Aizul (Shoals:1)
  Louise (Spider:2)
  A deep elf elementalist (Elf:3)
  A war gargoyle (D:13)
  5 entropy weavers
  The ghost of toffzen the Grappler, a journeyman VSTm of Makhleb (D:13)
  Azrael (Orc:2)
  2 deep elf demonologists (Elf:3)
  A deep elf annihilator (Elf:3)
  3 spark wasps (Spider:4)
  3 deep elf death magi (Elf:3)
  An ettin (D:15)
  9 merfolk impalers
  5 merfolk javelineers
  3 deep elf high priests
  2 fire dragons
  A minotaur (Lab)
  4 ogre magi
  9 hydras
  2 merfolk avatars
  An alligator snapping turtle (Shoals:4)
  2 satyrs (Shoals:4)
  3 catoblepae
  2 death knights
  4 centaur warriors
  2 merfolk aquamancers (Shoals:4)
  11 two-headed ogres
  2 deep troll shamans
  7 death yaks
  A deep troll earth mage (Depths:1)
  4 tengu warriors (D:15)
  23 dancing weapons
  2 orc high priests
  Sonja (D:13)
  11 deep elf knights
  6 skeletal warriors (D:14)
  7 sea snakes
  3 deep trolls (Depths:1)
  A wizard (D:13)
  3 deep elf archers
  2 phantasmal warriors
  10 harpies
  A necromancer (D:13)
  14 orc knights
  29 deep elf magi
  33 wolf spiders
  18 manticores
  18 orb spiders
  11 fauns
  4 orc sorcerers
  2 oklob plants (Shoals:4)
  18 ugly things
  3 cyclopes
  11 merfolk sirens
  4 moths of wrath
  Maurice (D:13)
  An ice statue (IceCv)
  15 elephants
  7 black mambas
  Psyche (D:8)
  2 torpor snails
  10 spiny frogs
  9 gargoyles
  9 water nymphs
  11 demonic crawlers
  4 komodo dragons
  A rime drake (Lair:4)
  An efreet (D:13)
  A small abomination (Elf:3)
  A kobold demonologist (D:10)
  A freezing wraith (D:15)
  A jumping spider (shapeshifter) (Elf:1)
  12 trolls
  2 tengu conjurers (D:15)
  27 jumping spiders
  6 meliai
  29 merfolk
  9 hornets
  5 wind drakes
  18 polar bears
  Grinder (D:6)
  6 snapping turtles
  10 blink frogs
  16 slime creatures
  Sigmund (D:2)
  5 dream sheep
  8 hippogriffs
  69 redbacks
  2 shadows (D:13)
  The ghost of diana the Magician, an amateur DESu (D:6)
  4 wraiths
  2 vampires
  27 tarantellas
  54 yaks
  A spriggan (Lair:6)
  5 water elementals
  4 wyverns
  4 fire elementals
  3 basilisks
  A human (shapeshifter) (D:14)
  A basilisk (shapeshifter) (D:11)
  2 hungry ghosts
  Menkaure (D:6)
  A hog (D:15)
  3 vampire mosquitoes (D:14)
  3 wargs
  An acid dragon (D:13)
  A soldier ant (D:14)
  19 water moccasins
  13 porcupines
  2 hell hounds (Orc:2)
  40 orc warriors
  5 sky beasts
  A hornet zombie (D:8)
  3 black bears
  7 ice beasts
  2 phantoms
  An eye of draining (shapeshifter) (Elf:1)
  A necrophage (D:11)
  20 ogres
  28 wolves
  17 centaurs
  Blork the orc (D:6)
  3 big kobolds
  9 crocodiles
  15 bullfrogs
  3 wyvern zombies
  7 scorpions
  A water moccasin skeleton (D:7)
  4 killer bees (D:7)
  5 wights (D:7)
  2 electric eels
  6 howler monkeys
  9 crimson imps
  4 quasits
  A centaur zombie (D:7)
  16 jellies
  Crazy Yiuf (D:2)
  2 bullfrog skeletons
  6 hounds
  17 orc priests
  18 orc wizards
  5 centaur skeletons
  5 iguanas
  12 worker ants
  3 worker ant zombies
  14 adders
  6 gnolls
  7 shadow imps
  3 oozes
  3 adder zombies (D:5)
  An adder skeleton (D:7)
  3 worms
  A dart slug (D:5)
  5 leopard geckos
  75 orcs
  10 bats
  10 giant cockroaches
  14 hobgoblins
  5 jackals (D:3)
  6 quokkas
  2 ball pythons
  5 frilled lizards
  13 goblins
  A jackal skeleton (D:6)
  29 kobolds
  A quokka skeleton (D:9)
  9 rats
  2 crawling corpses (Elf:3)
  10 fungi
  23 plants
1340 creatures vanquished.

Vanquished Creatures (others)
  Nessos (D:15)
  3 merfolk javelineers
  A satyr (Shoals:2)
  Urug (D:11)
  2 deep elf knights (Elf:1)
  11 fauns
  A moth of wrath (Spider:1)
  A jumping spider (Spider:4)
  2 humans (D:15)
  4 orc warriors (Orc:2)
  8 centaurs
  A bullfrog (D:15)
  A crimson imp (D:15)
  3 orcs (Orc:2)
  3 kobolds (Bailey)
  A bush (Lair:6)
  51 fungi
  116 plants
211 creatures vanquished.

Grand Total: 1551 creatures vanquished

Notes
Turn   | Place    | Note
-------+----------+-------------------------------------------
     0 | D:1      | diana the Formicid Fighter began the quest for the Orb.
     0 | D:1      | Reached XP level 1. HP: 18/18 MP: 1/1
    56 | D:1      | Reached XP level 2. HP: 22/24 MP: 2/2
   133 | D:1      | Reached XP level 3. HP: 20/29 MP: 3/3
  1179 | D:2      | Reached XP level 4. HP: 35/35 MP: 4/4
  1191 | D:2      | Reached skill level 3 in Axes
  1513 | D:2      | Noticed Sigmund
  1525 | D:2      | Killed Sigmund
  1525 | D:2      | Reached skill level 5 in Axes
  1525 | D:2      | Reached XP level 5. HP: 10/41 MP: 5/5
  1525 | D:2      | Reached XP level 6. HP: 11/47 MP: 6/6
  1896 | D:2      | Found a basalt altar of Yredelemnul.
  2148 | D:2      | Found a runed door.
  2152 | D:2      | Noticed Crazy Yiuf
  2156 | D:2      | Killed Crazy Yiuf
  2156 | D:2      | Reached skill level 6 in Axes
  2232 | D:3      | Found a snail-covered altar of Cheibriados.
  2243 | D:3      | Became a worshipper of Cheibriados the Contemplative
  2726 | D:3      | Reached XP level 7. HP: 50/52 MP: 7/7
  2932 | D:4      | Found a staircase to the Ecumenical Temple.
  2945 | D:4      | Reached * piety under Cheibriados
  2959 | D:4      | Reached skill level 7 in Axes
  3274 | D:4      | Found an ornate altar of the Wu Jian Council.
  3535 | D:5      | Entered Level 5 of the Dungeon
  3562 | D:5      | Reached skill level 8 in Axes
  3562 | D:5      | Reached XP level 8. HP: 47/58 MP: 8/8
  3739 | D:5      | Found a radiant altar of Vehumet.
  3956 | D:5      | Reached skill level 9 in Axes
  4357 | D:6      | Noticed Menkaure
  4368 | D:6      | Killed Menkaure
  4568 | D:6      | Found a white marble altar of Elyvilon.
  4569 | D:6      | Found a glowing golden altar of the Shining One.
  4571 | D:6      | Found a glowing silver altar of Zin.
  4578 | D:6      | Reached skill level 10 in Axes
  4595 | D:6      | Reached XP level 9. HP: 49/64 MP: 9/9
  4625 | D:6      | Reached ** piety under Cheibriados
  4649 | D:6      | Noticed Grinder
  4652 | D:6      | Noticed Blork the orc
  4660 | D:6      | Killed Blork the orc
  4667 | D:6      | Killed Grinder
  4667 | D:6      | Reached skill level 11 in Axes
  4839 | D:6      | Noticed diana's ghost (amateur DESu)
  4850 | D:6      | Killed diana's ghost
  5103 | D:6      | Found a sacrificial altar of Ru.
  5138 | D:6      | Reached skill level 12 in Axes
  5283 | D:6      | Gained mutation: Your magical capacity is low. (-10% MP) [potion of mutation]
  5283 | D:6      | Gained mutation: You are agile. (Dex +2) [potion of mutation]
  5388 | D:7      | Found a flagged portal.
  5425 | Bailey   | Entered a bailey
  5430 | Bailey   | Noticed an orc warlord
  5553 | Bailey   | Found a runed gate.
  5557 | Bailey   | Found a runed gate.
  5574 | Bailey   | Found a runed gate.
  5578 | Bailey   | Noticed an orc knight
  5581 | Bailey   | Reached *** piety under Cheibriados
  5595 | Bailey   | Killed an orc knight
  5595 | Bailey   | Reached skill level 5 in Shields
  5595 | Bailey   | Reached XP level 10. HP: 23/71 MP: 9/9
  5874 | D:7      | Found Haneguxt's Gadget Boutique.
  5874 | D:7      | Found Cocip's Assorted Antiques.
  6108 | D:7      | Reached skill level 1 in Invocations
  6133 | D:7      | Found Faeff's Antique Armour Shop.
  6171 | D:7      | Found a stormy altar of Qazlal.
  6631 | D:8      | Reached skill level 5 in Armour
  6636 | D:8      | Reached **** piety under Cheibriados
  6639 | D:8      | Reached skill level 5 in Fighting
  7057 | D:8      | Found Heecul's Assorted Antiques.
  7095 | D:8      | Noticed Psyche
  7104 | D:8      | Killed Psyche
  7112 | D:8      | Found an iron altar of Okawaru.
  7138 | D:8      | Found a shattered altar of Ashenzari.
  7182 | D:8      | Found a bloodstained altar of Trog.
  7261 | D:8      | Reached skill level 13 in Axes
  7261 | D:8      | Reached XP level 11. HP: 80/80 MP: 11/11
  7312 | D:8      | Found a staircase to the Lair.
  7316 | D:8      | Reached ***** piety under Cheibriados
  7414 | D:8      | Found a shimmering altar of Xom.
  7416 | D:8      | Found a shimmering altar of Xom.
  7468 | D:8      | Noticed a two-headed ogre
  7478 | D:8      | Killed a two-headed ogre
  8286 | D:9      | Noticed a two-headed ogre
  8297 | D:9      | Killed a two-headed ogre
  8405 | D:10     | Entered Level 10 of the Dungeon
  8443 | D:10     | Found Jeanoup's Food Shop.
  8453 | D:10     | Found Ewes's General Store.
  8560 | D:10     | Found Oduof's Antique Weapon Emporium.
  8570 | D:10     | Found Varchuda's Distillery.
  8798 | D:10     | Found a roughly hewn altar of Beogh.
  8798 | D:10     | Found a staircase to the Orcish Mines.
  8799 | D:10     | Reached ****** piety under Cheibriados
  8806 | D:10     | Reached XP level 12. HP: 30/91 MP: 7/13
  8870 | D:10     | Found Zionweli's Food Boutique.
  9071 | D:11     | Noticed Urug
  9079 | D:11     | Killed Urug
  9095 | D:11     | Noticed a two-headed ogre
  9101 | D:11     | Killed a two-headed ogre
  9101 | D:11     | Reached skill level 5 in Invocations
 10355 | D:12     | Reached skill level 14 in Axes
 10585 | D:12     | Reached skill level 10 in Shields
 11509 | D:13     | Noticed a two-headed ogre
 11509 | D:13     | Noticed Frances
 11510 | D:13     | Noticed Maurice
 11510 | D:13     | Reached XP level 13. HP: 94/101 MP: 15/15
 11520 | D:13     | Killed Frances
 11520 | D:13     | Killed Maurice
 11779 | D:13     | Noticed toffzen's ghost (journeyman VSTm)
 11793 | D:13     | Killed toffzen's ghost
 11808 | D:13     | Reached skill level 10 in Armour
 11905 | D:13     | Found a gate to the Vaults.
 11914 | D:13     | Got a bloodstained broad axe
 11915 | D:13     | Identified the +5 broad axe of Zafis {speed, rF+ rC++ Str+2 SInv} (You found it on level 13 of the Dungeon)
 11930 | D:13     | Reached skill level 10 in Fighting
 11978 | D:13     | Noticed a centaur warrior
 11990 | D:13     | Killed a centaur warrior
 12392 | D:13     | Found Iczuolun's Armour Emporium.
 12422 | D:13     | Noticed a centaur warrior
 12429 | D:13     | Killed a centaur warrior
 12929 | D:13     | Reached XP level 14. HP: 63/111 MP: 17/17
 12936 | D:13     | Noticed a war gargoyle
 12943 | D:13     | Killed a war gargoyle
 12981 | D:13     | Noticed Sonja
 12984 | D:13     | Killed Sonja
 13564 | Lair:1   | Entered Level 1 of the Lair of Beasts
 13577 | Lair:1   | Learned a level 1 spell: Beastly Appendage
 13805 | Lair:1   | Reached skill level 15 in Axes
 15072 | Lair:2   | Found a glowing golden altar of the Shining One.
 15626 | Lair:3   | Got a heavily jewelled robe
 15637 | Lair:3   | Identified the cursed +0 robe "Jirgh" {MR+++} (You found it on level 3 of the Lair of Beasts)
 15665 | Lair:3   | Found a labyrinth entrance.
 15674 | Lab      | Entered a labyrinth
 16018 | Lab      | Got an encrusted plate armour
 16018 | Lab      | Got a faintly humming plate armour
 16033 | Lab      | Got a polished scale mail
 16047 | Lair:3   | Identified the +3 plate armour of Raoq {-Cast Str+5 Int+8} (You found it in a labyrinth)
 16057 | Lair:3   | Identified the +3 plate armour of Ygatuor {rC+ Dex+3 Slay+3} (You found it in a labyrinth)
 16067 | Lair:3   | Identified the +2 scale mail of the Great Game {Stlth+} (You found it in a labyrinth)
 16383 | Lair:3   | Found a staircase to the Shoals.
 16537 | Lair:3   | Found a hole to the Spider Nest.
 17072 | Lair:4   | Reached XP level 15. HP: 97/120 MP: 19/19
 18071 | Lair:6   | Entered Level 6 of the Lair of Beasts
 18581 | Lair:6   | Got a translucent scale mail
 18592 | Lair:6   | Identified the cursed +1 scale mail "Duetedom" {Str+4 Stlth+} (You found it on level 6 of the Lair of Beasts)
 18693 | Lair:6   | Found a staircase to the Slime Pits.
 19064 | Lair:6   | Reached skill level 16 in Axes
 19478 | Lair:6   | Got a twisted dire flail
 19506 | Lair:6   | Identified the +8 dire flail "Juato" {flame, MR+ Str+6} (You found it on level 6 of the Lair of Beasts)
 19927 | Orc:1    | Entered Level 1 of the Orcish Mines
 20325 | Orc:1    | Reached XP level 16. HP: 129/129 MP: 20/20
 21046 | Orc:1    | Found a roughly hewn altar of Beogh.
 21167 | Orc:2    | Entered Level 2 of the Orcish Mines
 21215 | Orc:2    | Found a staircase to the Elven Halls.
 21274 | Orc:2    | Reached skill level 10 in Invocations
 21362 | Orc:2    | Found Hogip's Book Emporium.
 21362 | Orc:2    | Found Bekempag's Antique Weapon Shop.
 21364 | Orc:2    | Found Iceit's Gadget Boutique.
 21366 | Orc:2    | Found Wiybbe Giebb's Antique Weapon Shoppe.
 21421 | Orc:2    | Noticed Azrael
 21433 | Orc:2    | Killed Azrael
 23111 | D:14     | Got a pitted scale mail
 23122 | D:14     | Identified the +6 scale mail of Lelafo {+Inv} (You found it on level 14 of the Dungeon)
 23231 | D:14     | Noticed a storm dragon
 23231 | D:14     | Noticed a frost giant
 23234 | D:14     | Got a fine steel amulet
 23294 | D:14     | Identified the amulet of Yxongaa {rC+ Regen+ MP+9 Dex-4} (You found it on level 14 of the Dungeon)
 23313 | D:14     | Identified 2 scrolls of acquirement
 23376 | D:15     | Entered Level 15 of the Dungeon
 23647 | D:15     | Found a frozen archway.
 23655 | D:15     | Reached skill level 15 in Shields
 23663 | IceCv    | Entered an ice cave
 23702 | IceCv    | Reached XP level 17. HP: 129/138 MP: 22/22
 24319 | IceCv    | Lost mutation: You are agile. (Dex +2) [potion of mutation]
 24319 | IceCv    | Lost mutation: Your magical capacity is low. (-10% MP) [potion of mutation]
 24319 | IceCv    | Gained mutation: You are partially covered in slimy green scales. (AC +2) [potion of mutation]
 24319 | IceCv    | Gained mutation: You have large cloven feet. [potion of mutation]
 24508 | D:15     | Noticed Kirke
 24519 | D:15     | Killed Kirke
 25049 | D:15     | Noticed Nessos
 25061 | D:15     | Killed Nessos
 25237 | D:15     | Found a staircase to the Depths.
 25543 | D:15     | Reached skill level 17 in Axes
 25561 | Depths:1 | Entered Level 1 of the Depths
 25895 | Lair:3   | Lost mutation: You have large cloven feet. [potion of mutation]
 25895 | Lair:3   | Gained mutation: Your body sometimes deteriorates upon taking damage. [potion of mutation]
 25895 | Lair:3   | Gained mutation: You are somewhat resistant to further mutation. [potion of mutation]
 25896 | Lair:3   | Lost mutation: You are somewhat resistant to further mutation. [potion of mutation]
 25896 | Lair:3   | Lost mutation: Your body sometimes deteriorates upon taking damage. [potion of mutation]
 25896 | Lair:3   | Lost mutation: You are partially covered in slimy green scales. (AC +2) [potion of mutation]
 25896 | Lair:3   | Gained mutation: Your system is resistant to poisons. (rPois) [potion of mutation]
 25896 | Lair:3   | Gained mutation: Your magical capacity is low. (-10% MP) [potion of mutation]
 25896 | Lair:3   | Gained mutation: Your natural rate of healing is unusually fast. [potion of mutation]
 25917 | Shoals:1 | Entered Level 1 of the Shoals
 25968 | Shoals:1 | Noticed Aizul
 25986 | Shoals:1 | Killed Aizul
 26003 | Lair:3   | Lost mutation: Your magical capacity is low. (-10% MP) [potion of mutation]
 26003 | Lair:3   | Gained mutation: You are frail. (-10% HP) [potion of mutation]
 26003 | Lair:3   | Gained mutation: Your mind is acute. (Int +2) [potion of mutation]
 26003 | Lair:3   | Gained mutation: You are weak. (Str -2) [potion of mutation]
 26003 | Lair:3   | Gained mutation: You possess an exceptional clarity of mind. [potion of mutation]
 26004 | Lair:3   | Lost mutation: Your mind is acute. (Int +2) [potion of mutation]
 26004 | Lair:3   | Lost mutation: You are frail. (-10% HP) [potion of mutation]
 26004 | Lair:3   | Lost mutation: You possess an exceptional clarity of mind. [potion of mutation]
 26004 | Lair:3   | Gained mutation: You are partially covered in molten scales. (AC +2) [potion of mutation]
 26004 | Lair:3   | Lost mutation: You are weak. (Str -2) [potion of mutation]
 26005 | Lair:3   | Lost mutation: Your natural rate of healing is unusually fast. [potion of mutation]
 26005 | Lair:3   | Lost mutation: You are partially covered in molten scales. (AC +2) [potion of mutation]
 26005 | Lair:3   | Lost mutation: Your system is resistant to poisons. (rPois) [potion of mutation]
 26005 | Lair:3   | Gained mutation: You evolve. [potion of mutation]
 26005 | Lair:3   | Gained mutation: You have a somewhat thin skeletal structure. (Dex +2, Stealth) [potion of mutation]
 26005 | Lair:3   | Gained mutation: You are partially covered in icy blue scales. (AC +2) [potion of mutation]
 26233 | Orc:2    | Bought a warped broad axe for 342 gold pieces
 26233 | Orc:2    | Identified the +7 broad axe "Doriynti" {chop, +Rage Int+2 Dex+5} (You bought it in a shop on level 2 of the Orcish Mines)
 26435 | Spider:1 | Entered Level 1 of the Spider Nest
 26969 | Spider:1 | Noticed diana's ghost (journeyman MiFi)
 26970 | Spider:1 | Reached XP level 18. HP: 141/147 MP: 26/26
 26986 | Spider:1 | Killed diana's ghost
 27522 | Spider:2 | Lost mutation: You evolve. [evolution]
 27585 | Spider:2 | Reached skill level 15 in Armour
 27836 | Spider:2 | Reached skill level 15 in Fighting
 28104 | Spider:2 | Noticed Louise
 28108 | Spider:2 | Killed Louise
 28949 | Spider:3 | Got a distressingly furry cloak
 28955 | Spider:3 | Identified the +2 cloak of Reason {Int+3} (You found it on level 3 of the Spider Nest)
 28995 | Spider:3 | Noticed Asterion
 29009 | Spider:3 | Killed Asterion
 29200 | Spider:4 | Entered Level 4 of the Spider Nest
 29519 | Spider:4 | Reached XP level 19. HP: 155/155 MP: 4/28
 29841 | Spider:4 | Got a gossamer rune of Zot
 29947 | Spider:4 | Reached skill level 18 in Axes
 32008 | Shoals:3 | Noticed Polyphemus
 32018 | Shoals:3 | Killed Polyphemus
 32092 | Shoals:3 | Noticed Jorgrun
 32107 | Shoals:3 | Killed Jorgrun
 32116 | Shoals:3 | Noticed Bai Suzhen
 32142 | Shoals:3 | Killed Bai Suzhen
 33028 | Shoals:4 | Entered Level 4 of the Shoals
 33031 | Shoals:4 | Reached XP level 20. HP: 166/166 MP: 29/29
 33306 | Shoals:4 | Noticed Ilsuiw
 33339 | Shoals:4 | Killed Ilsuiw
 33496 | Shoals:4 | Found the +10 large shield of Ignorance {rN+ Int-4}
 33984 | Shoals:4 | Noticed Agrougrou's ghost (adept DsFi)
 33997 | Shoals:4 | Killed Agrougrou's ghost
 34305 | Shoals:4 | Got a barnacled rune of Zot
 35049 | Elf:1    | Entered Level 1 of the Elven Halls
 35157 | Elf:1    | Found Cuton's Jewellery Shop.
 35160 | Elf:1    | Bought a +2 ring of slaying for 273 gold pieces
 35901 | Elf:1    | Identified the Grimoire of the Quantum Rocks
 36131 | Elf:2    | Found Wybal's Assorted Antiques.
 36183 | Elf:2    | Found Pehih's Food Emporium.
 36202 | Elf:2    | Found Sijiurar's Antique Armour Emporium.
 36208 | Elf:2    | Bought a pair of embroidered boots for 247 gold pieces
 36218 | Elf:2    | Identified a +2 pair of boots of running (You bought it in a shop on level 2 of the Elven Halls)
 36336 | Elf:2    | Found Ycugeos's Food Boutique.
 36533 | Elf:2    | Found a huge runed gate.
 36533 | Elf:2    | Found a huge runed gate.
 36534 | Elf:2    | Found a huge runed gate.
 36537 | Elf:2    | Found a huge runed gate.
 36540 | Elf:2    | Found a huge runed gate.
 36631 | Elf:2    | Reached XP level 21. HP: 130/174 MP: 31/31
 36768 | Elf:2    | Reached skill level 19 in Axes
 36931 | Elf:3    | Entered Level 3 of the Elven Halls
 37015 | Elf:3    | Noticed eccles's ghost (adept MiBe)
 37028 | Elf:3    | Noticed a Tzitzimitl
 37048 | Elf:3    | HP: 7/175 [eccles's ghost (11)]
 37049 | Elf:3    | Slain by eccles's ghost

Skill      XL: |  1  2  3  4  5  6  7  8  9 10 11 12 13 14 15 16 17 18 19 20 21 |
---------------+----------------------------------------------------------------+-----
Shields        | 4 5 6 8 10 11 12 14 15 16 17 18 | 18.9
Axes           | 5 6 8 10 12 13 14 15 16 17 18 19 | 19.1
Armour         | 4 5 7 9 10 11 12 13 14 15 16 17 | 17.4
Fighting       | 5 7 9 10 11 12 13 14 15 16 17 | 17.4
Invocations    | 2 4 6 7 8 9 10 11 12 13 | 13.6
Maces & Flails | |  0.7
Dodging        | |  0.4

Action                   |  1- 3 |  4- 6 |  7- 9 | 10-12 | 13-15 | 16-18 | 19-21 || total
-------------------------+-------+-------+-------+-------+-------+-------+-------++-------
Melee: War axe           |   101 |   164 |   331 |   141 |       |       |       ||   737
       Hand axe          |       |       |       |   270 |       |       |       ||   270
       Battleaxe         |       |       |       |   162 |   551 |   825 |   732 ||  2270
       Mace              |       |       |       |       |    31 |       |       ||    31
       Dire flail        |       |       |       |       |    29 |     3 |       ||    32
       Broad axe         |       |       |       |       |       |    28 |       ||    28
Invok: Slouch            |       |       |       |     1 |    10 |     7 |    11 ||    29
       Step From Time    |       |       |       |       |       |       |     1 ||     1
 Abil: Dig               |       |       |       |       |       |       |     1 ||     1
       Evoke Flight      |       |       |       |       |       |       |     1 ||     1
Evoke: Wand              |       |       |       |       |       |       |     2 ||     2
  Use: Potion            |       |     1 |     4 |       |    11 |     7 |    11 ||    34
       Scroll            |       |       |     6 |     4 |    16 |     9 |    10 ||    45
 Stab: Distracted        |       |     1 |       |       |       |       |     1 ||     2
       Held in net/web   |       |       |       |       |       |     1 |     1 ||     2
  Eat: Chunk             |       |     7 |     4 |     9 |    12 |    17 |     9 ||    58
       Ration            |       |       |       |     1 |     2 |       |     2 ||     5
Armor: Scale mail        |    61 |    88 |    56 |       |       |       |       ||   205
       Plate armour      |       |       |    60 |   210 |   313 |   332 |   220 ||  1135
Dodge: Dodged            |    54 |    51 |    88 |   132 |   188 |   180 |   116 ||   809
Block: Shield            |    77 |    85 |   183 |   388 |   696 |   391 |       ||  1820
       Reflection        |       |       |    20 |    38 |    28 |    68 |   210 ||   364
       Large shield      |       |       |       |       |       |   789 |  1129 ||  1918
